Map: Old Republic LE

Players

trigger

  • Race: Protoss Protoss
  • League: Grandmaster
  • Spawn Location: 1:00

ShoWTimE - Winner!

  • Race: Protoss Protoss
  • League: Master
  • Spawn Location: 7:00

VOD

Have the link to the VOD?

Description

Time

  • Played on: Jan. 31, 2026, 1:52 p.m.
  • Length: 6:57
Show
View Real Time Build Order
Export as new Build Order

trigger Protoss 

Build Orders: Oracle Opening, Phoenix Opening 

Get SALT Encoding   

  12  0:00  Probe  
  13  0:12  Probe  
  14  0:17  Pylon  
  14  0:24  Probe  
  15  0:32  Probe  
  15  0:36  Gateway  
  15  0:40  Probe  
  16  0:45  Assimilator  
  17  0:50  Probe  
  17  0:53  Assimilator  
  18  0:59  Probe  
  19  1:07  Probe  
  19  1:08  Gateway  
  19  1:17  Probe  
  20  1:23  Pylon  
  21  1:29  Cybernetics Core  
  21  1:32  Probe  
  22  1:44  Probe  
  23  1:56  Probe  
  24  2:02  Stalker x2  
  24  2:05  Warp Gate  
  28  2:09  Pylon  
  28  2:26  Probe  
  28  2:29  Stalker x2  
  33  2:37  Stargate  
  33  3:03  Probe  
  32  3:11  Oracle, Probe  
  30  3:19  Probe  
  34  3:28  Gateway  
  34  3:29  Pylon  
  34  3:33  Probe  
  35  3:41  Nexus  
  35  3:49  Phoenix  
  37  3:59  Probe  
  38  4:05  Stalker  
  34  4:19  Probe  
  35  4:28  Probe  
  34  4:36  Probe  
  35  4:46  Stalker x2  
  35  4:47  Stalker  
  41  4:55  Probe x2  
  43  5:10  Stalker x2  
  47  5:17  Stalker  
  49  5:33  Stalker x2  
  53  5:37  Probe  
  53  5:40  Stalker  
  56  5:46  Pylon  
  56  5:48  Probe  
  57  5:51  Probe  
  53  6:07  Stalker x2  
  53  6:09  Stalker  
  59  6:14  Probe x2  
  61  6:23  Probe  
  61  6:24  Probe  
  53  6:31  Probe  
  53  6:32  Stalker x2  
  59  6:37  Probe  
Show
View Real Time Build Order
Export as new Build Order

ShoWTimE Protoss - Winner!

Build Orders: Oracle Opening, Blink Stalkers 

Get SALT Encoding   

  12  0:00  Probe  
  13  0:12  Probe  
  14  0:16  Pylon  
  14  0:23  Probe  
  15  0:31  Probe  
  15  0:35  Gateway  
  16  0:39  Probe  
  16  0:45  Assimilator  
  17  0:50  Probe  
  17  0:53  Assimilator  
  18  0:59  Probe  
  19  1:05  Gateway  
  19  1:07  Probe  
  20  1:17  Probe  
  20  1:21  Cybernetics Core  
  21  1:29  Probe  
  21  1:31  Pylon  
  22  1:41  Probe  
  23  1:53  Probe  
  24  1:57  Adept x2  
  24  1:58  Warp Gate  
  28  2:05  Probe  
  29  2:10  Stargate  
  29  2:12  Pylon  
  29  2:17  Probe  
  30  2:27  Stalker  
  30  2:30  Stalker  
  34  2:43  Probe  
  35  2:45  Pylon, Oracle  
  38  3:06  Probe  
  37  3:22  Nexus  
  37  3:24  Shield Battery  
  37  3:26  Probe  
  38  3:33  Twilight Council  
  38  3:38  Probe  
  39  3:46  Stalker  
  41  3:50  Stalker  
  41  3:52  Probe  
  41  3:55  Blink  
  44  4:04  Probe  
  45  4:15  Stalker  
  45  4:16  Probe  
  46  4:21  Stalker  
  46  4:28  Probe  
  47  4:34  Probe  
  48  4:41  Probe  
  48  4:42  Gateway  
  49  4:46  Probe  
  49  4:50  Stalker  
  52  4:53  Probe  
  52  4:58  Probe, Pylon  
  52  4:59  Stalker  
  56  5:05  Probe  
  57  5:10  Probe  
  58  5:17  Nexus  
  58  5:22  Gateway  
  58  5:27  Stalker  
  60  5:30  Stalker  
  62  5:36  Pylon  
  62  5:37  Probe x2  
  62  5:40  Assimilator  
  64  5:44  Stalker  
  65  5:54  Stalker x2  
  65  5:55  Probe  
  66  5:57  Probe  
  63  6:07  Probe  
  63  6:09  Probe  
  63  6:10  Stalker  
  67  6:17  Stalker  
  69  6:19  Probe  
  69  6:23  Stalker  
  69  6:24  Stalker  
  68  6:32  Probe  
  69  6:34  Shield Battery  
  69  6:37  Stalker  
  71  6:40  Pylon, Probe  
  71  6:43  Stalker  
Tags
 
Add a new tag
Caveats
  • Supply blocks, unpowered buildings, or Contaminate may cause inaccurate times.
  • Supply counts are checked every 10 seconds.